 Dungeon Crawl Stone Soup version 0.21-a0-509-gecc5317 (webtiles) character file.

15 Gerstahl the Chiller (level 2, 0/22 HPs)
             Began as a Naga Ice Elementalist on Nov 30, 2017.
             Slain by a hobgoblin (4 damage)
             ... on level 2 of the Dungeon.
             The game lasted 00:02:38 (1188 turns).

Gerstahl the Chiller (Naga Ice Elementalist)        Turns: 1188, Time: 00:02:39

Health: 0/22       AC:  2    Str: 10    XL:     2   Next: 50%
Magic:  4/5        EV: 10    Int: 15    God:
Gold:   50         SH:  0    Dex: 11    Spells: 4/5 levels left

rFire    . . .     SeeInvis +   (no weapon)
rCold    . . .     Gourm    .   (no shield)
rNeg     . . .     Faith    .   a - +0 robe
rPois    +         Spirit   .   k - +1 hat
rElec    .         Reflect  .   (no cloak)
rCorr    .         Harm     .   (no gloves)
MR       .....                  (no barding)
Stlth    ++........             (no amulet)
HPRegen  0.07/turn              (no ring)
MPRegen  0.09/turn              (no ring)

@: short of breath, very slow
A: large, see invisible, deformed body, poison resistance, slowness 2, slow
metabolism 1, spit poison 1, AC +0
a: Spit Poison


You were on level 2 of the Dungeon.
You were hungry.

You visited 1 branch of the dungeon, and saw 2 of its levels.

You collected 50 gold pieces.

Inventory:

Armour
 a - a +0 robe (worn)
 k - a +1 hat (worn)
Scrolls
 e - a scroll of immolation {unknown}
 g - 3 scrolls of identify {unknown}
 j - a scroll of remove curse {unknown}
 n - a scroll of enchant armour {unknown}
 o - a scroll of blinking {unknown}
Potions
 d - 2 potions of curing {unknown}
 h - 2 potions of heal wounds {unknown}
 i - a potion of lignification {unknown}
 l - 2 potions of haste {unknown}
 m - 2 potions of agility {unknown}
Books
 b - a book of Frost

   Spells                             Type                      Level
   a - Freeze                         Ice                          1
   b - Throw Frost                    Conjuration/Ice              2
   c - Ozocubu's Armour               Charms/Ice                   3
   d - Throw Icicle                   Conjuration/Ice              4
   e - Summon Ice Beast               Ice/Summoning                4
Comestibles
 c - 2 bread rations
 f - a royal jelly


   Skills:
 - Level 1.5 Dodging
 - Level 3.0 Stealth
 + Level 2.4 Spellcasting
   Level 1.0 Conjurations
 + Level 3.4 Ice Magic


You had 4 spell levels left.
You knew the following spells:

 Your Spells              Type           Power        Failure   Level  Hunger
a - Freeze                Ice            ##..         5%          1    #......


Dungeon Overview and Level Annotations

Branches:
Dungeon (2/15)

Altars:
Xom


Innate Abilities, Weirdness & Mutations

You cannot wear boots.
Your serpentine skin is tough. (AC +0)
You have supernaturally acute eyesight. (SInv)
Armour fits poorly on your strangely shaped body.
Your system is resistant to poisons. (rPois)
You cover ground very slowly.
You have a slow metabolism.
You can spit poison.


Message History

The orc throws a stone.
The stone barely misses you.
You hear a shout!
You see here 2 stones.
The orc throws a stone.
The stone hits you.
* * * LOW HITPOINT WARNING * * *
You see here a stone.
Press: ? - help, Shift-Dir - straight line, f - hobgoblin
Aim: a hobgoblin The splash of poison hits the hobgoblin.
The hobgoblin is severely wounded.
You feel slightly more hungry.
Casting: Freeze
Confirm with . or Enter, or press ? or * to list all spells.
Aiming: Freeze
Press: ? - help, Shift-Dir - straight line, f/p - hobgoblin
Aim: a hobgoblin (severely wounded)
You freeze the hobgoblin.
The hobgoblin is almost dead.
The hobgoblin hits you.
You die...

....o..#...#)...........
#.
.......#...#..##.#.......
##
...........#...#.........
..
##.#...o...'.............
.. #...#(((#............#
## ###.#..(#...#........#
# #.#.(.#...#........####
###.##.###.##........#...
........g@................
.......)###.##.###........
.###.##.# #.##.####.....##
#.##.###.##............
............####.###.## #
##.###.#### #.###.## #.#
#.# #....... ..
#.###########.##
#.............#


You could see a hobgoblin.

Vanquished Creatures
  A dart slug (D:1)
  A giant cockroach (D:1)
  5 goblins
  A hobgoblin (D:1)
  A quokka (D:2)
  2 frilled lizards
  A kobold (D:1)
  A rat (D:2)
13 creatures vanquished.

Notes
Turn   | Place    | Note
-------+----------+-------------------------------------------
     0 | D:1      | Gerstahl the Naga Ice Elementalist began the quest for the Orb.
     0 | D:1      | Reached XP level 1. HP: 15/15 MP: 3/3
   400 | D:1      | Reached XP level 2. HP: 22/22 MP: 3/5
   442 | D:1      | Found a shimmering altar of Xom.
   444 | D:1      | Found a burning altar of Makhleb.
   444 | D:1      | Found a white marble altar of Elyvilon.
   446 | D:1      | Found a hazy altar of Hepliaklqana.
   446 | D:1      | Found a shimmering altar of Xom.
   446 | D:1      | Found a sparkling altar of Nemelex Xobeh.
  1188 | D:2      | Slain by a hobgoblin

Vault maps used:
D:1:      matt_arrival_spirals, minmay_strange_pillars, doesnt_xom_only_xom
D:2:      chequers_ecumenical_altar_simple

Action                   || total
-------------------------++-------
Melee: Unarmed           ||    22
 Cast: Freeze            ||    12
 Abil: Spit Poison       ||     7
 Stab: Sleeping          ||     1
Armor: Robe              ||     1
Dodge: Dodged            ||    25

Table legend:
 A = Spawn XP
 B = Non-spawn XP
 C = Spawn XP percentage of total XP
 D = Spawn monster count
 E = Non-spawn monster count
 F = Spawn count percentage of total count
 G = Total turns spent on level
                    A         B        C        D         E        F      G
               +---------+---------+-------+---------+---------+-------+---------
         Total |       0 |      22 |   0.0 |       0 |      13 |   0.0 |  1188
               +---------+---------+-------+---------+---------+-------+---------
           D:1 |       0 |      16 |   0.0 |       0 |       9 |   0.0 |   893
           D:2 |       0 |       6 |   0.0 |       0 |       4 |   0.0 |   295
               +---------+---------+-------+---------+---------+-------+---------
